 Dungeon Crawl Stone Soup version 0.24-a0-415-g6d73c25c48 (webtiles) character file.

Game seed: 6729721299905256682

35 ohad the Insei (level 3, -4/23 HPs)
             Began as an Octopode Transmuter on June 7, 2019.
             Killed from afar by Sigmund (7 damage)
             ... with a magic dart
             ... on level 2 of the Dungeon.
             The game lasted 00:03:33 (1308 turns).

ohad the Insei (Octopode Transmuter)                Turns: 1308, Time: 00:03:34

Health: -4/23      AC:  1    Str:  9    XL:     3   Next: 35%
Magic:  2/6        EV: 13    Int: 16    God:
Gold:   55         SH:  0    Dex: 12    Spells: 0/6 levels left

rFire    . . .     SeeInvis .     - Unarmed
rCold    . . .     Gourm    .   (no shield)
rNeg     . . .     Faith    .   (helmet restricted)
rPois    .         Spirit   .   (no amulet)
rElec    .         Reflect  .   (no ring)
rCorr    .         Harm     .   (no ring)
MR       .....                  (no ring)
Stlth    ++........             (no ring)
HPRegen  0.07/turn              (no ring)
MPRegen  0.10/turn              (no ring)
                                (no ring)
                                (no ring)

@: very slightly contaminated
A: almost no armour, stealthy swim, amphibious, 8 rings, constrict 8, camouflage
1, gelatinous body 1
a: no special abilities


You were on level 2 of the Dungeon.
You were hungry.

You visited 1 branch of the dungeon, and saw 2 of its levels.

You collected 55 gold pieces.

Inventory:

Missiles
 a - 82 arrows
 e - 11 poisoned darts (quivered)
Armour
 i - a +0 buckler
Jewellery
 l - an uncursed ring of fire {unknown}
Scrolls
 b - a scroll of teleportation {unknown}
 d - a scroll of identify {unknown}
 g - a scroll of remove curse {unknown}
Potions
 h - a potion of haste {unknown}
 j - a potion of cancellation {unknown}
 k - a potion of ambrosia {unknown}
Comestibles
 c - a ration


   Skills:
 * Level 1.4 Fighting
 * Level 2.3 Dodging
 * Level 4.0 Unarmed Combat
 - Level 2.0 Spellcasting
 - Level 2.0 Transmutations


You couldn't memorise any spells.
You knew the following spells:

 Your Spells              Type           Power        Failure   Level  Hunger
a - Beastly Appendage     Tmut           #.....       9%          1    #......
b - Sticks to Snakes      Tmut           #.......     14%         2    ###....
c - Spider Form           Tmut/Pois      #.........   38%         3    ###....

Your spell library contained the following spells:

 Spells                   Type           Power        Failure   Level  Hunger
 Ice Form                 Ice/Tmut       #.......     80%         4    #####..
 Blade Hands              Tmut           #.........   94%         5    ######.


Dungeon Overview and Level Annotations

Branches:
Dungeon (2/15)

Altars:
Xom

Annotations:
D:2 Sigmund


Innate Abilities, Weirdness & Mutations

You cannot wear most types of armour.
You are very stealthy in the water. (Stealth+)
You are amphibious.
You can wear up to eight rings at the same time.
You can use your tentacles to constrict eight enemies at once.
Your skin changes colour to match your surroundings (Stealth+).
Your rubbery body absorbs attacks. (AC +1, EV +1)


Message History

Your transformation has ended.
Sigmund screams, "You will never...
NEVER!!!"
Casting: Sticks to Snakes (safe; 14% risk of failure)
Confirm with . or Enter, or press ? or * to list all spells.
You create a snake!
You now have 82 arrows.
Sigmund casts a spell.
Sigmund flickers and vanishes!
Deactivating autopickup; reactivate with Ctrl-A.
Unknown command.
Something tries to affect you, but you resist.
All of the chunks of flesh in your inventory have rotted away.
Things that are here:
a +0 short sword; a kobold corpse
There is a stone staircase leading up, spattered with blood here.
A puff of flame appears from out of thin air!
The puff of flame hits your ball python.
Your ball python dies!
A magic dart appears from out of thin air!
The magic dart hits you!
You die...

...^^.... .#
......... ..#
#.......### ..#
..........##...#
...........#...#
...............#
.........#.#.#....
...........#.# ##
#........@...#####.
##.....#..รท.....)..
########<......##
########)#..##....
#......).#........
#................
#.................
#.......{.........
#...................


There were no monsters in sight!

Vanquished Creatures
  3 dart slugs (D:1)
  2 giant cockroaches (D:1)
  3 goblins
  3 hobgoblins (D:1)
  3 jackals
  A frilled lizard (D:2)
  8 kobolds
  7 rats (D:1)
30 creatures vanquished.

Notes
Turn   | Place    | Note
-------+----------+-------------------------------------------
     0 | D:1      | ohad the Octopode Transmuter began the quest for the Orb.
     0 | D:1      | Reached XP level 1. HP: 13/13 MP: 3/3
   116 | D:1      | Reached XP level 2. HP: 5/18 MP: 5/5
   680 | D:1      | Reached XP level 3. HP: 23/23 MP: 6/6
  1185 | D:2      | Found a shimmering altar of Xom.
  1211 | D:2      | Reached skill level 4 in Unarmed Combat
  1238 | D:2      | Noticed Sigmund
  1243 | D:2      | Learned a level 2 spell: Sticks to Snakes
  1247 | D:2      | Learned a level 3 spell: Spider Form
  1308 | D:2      | Killed from afar by Sigmund

Levels and vault maps discovered:
D:1:      nzn_arrival_settlement, layout_basic, kennysheep_doodads
D:2:      layout_rooms, xom_teletrap_fun, overflow_temple_1_default,
          uniq_sigmund

Skill      XL: |  1  2  3 |
---------------+----------+-----
Unarmed Combat | 4 |  4.0
Fighting       | |  1.4
Dodging        | |  2.3
Spellcasting   | |  2.0
Transmutations | |  2.0

Action                   || total
-------------------------++-------
Melee: Unarmed           ||    63
       Constrict         ||    22
       Tentacles         ||     9
       Kick              ||     9
 Cast: Beastly Appendage ||     8
       Spider Form       ||     1
       Sticks to Snakes  ||     1
 Stab: Sleeping          ||     2
  Eat: Chunk             ||     1
Armor: Skin              ||     3
Dodge: Dodged            ||    41

Table legend:
 A = Non-vault XP
 B = Vault XP
 C = Vault XP percentage of total XP
 D = Non-vault monster count
 E = Vault monster count
 F = Vault count percentage of total count
                 A         B        C        D         E       F
            +---------+---------+-------+---------+---------+-------
      Total |      51 |       0 |   0.0 |      30 |       0 |   0.0
            +---------+---------+-------+---------+---------+-------
        D:1 |      43 |       0 |   0.0 |      24 |       0 |   0.0
        D:2 |       8 |       0 |   0.0 |       6 |       0 |   0.0
            +---------+---------+-------+---------+---------+-------
